 Dungeon Crawl Stone Soup version 0.26.0-45-g9c1d065592 (webtiles) character file.

Game seed: 5200903125616842411

4745 drevil the Fighter (level 10, -4/139 HPs)
             Began as a Minotaur Berserker on Jan 31, 2021.
             Was an Elder of Trog.
             Killed from afar by Erica (26 damage)
             ... with a bolt of poison
             ... on level 8 of the Dungeon.
             The game lasted 00:21:10 (9590 turns).

drevil the Fighter (Minotaur Berserker)             Turns: 9590, Time: 00:21:10

Health: -4/139     AC: 15    Str: 25    XL:     10   Next: 22%
Magic:  9/9        EV: 16    Int:  4    God:    Trog [****..]
Gold:   526        SH:  0    Dex: 10    Spells: 9/9 levels left

rFire    . . .     SeeInvis .   a - +1 hand axe
rCold    . . .     Faith    .   (no shield)
rNeg     + . .     Spirit   .   p - +1 chain mail
rPois    .         Reflect  .   (helmet restricted)
rElec    .         Harm     .   (no cloak)
rCorr    .         Rampage  .   (no gloves)
Will     .....                  m - +2 pair of boots
Stlth    ..........             (no amulet)
HPRegen  0.33/turn              r - ring of positive energy
MPRegen  0.11/turn              j - +4 ring of evasion

@: berserking (expiring), lethally poisoned (-4 -> -12), slowed
A: retaliatory headbutt, horns 2
a: Renounce Religion, Berserk, Trog's Hand, Brothers in Arms


You were on level 8 of the Dungeon.
You worshipped Trog.
Trog was greatly pleased with you.
You visited 1 branch of the dungeon, and saw 8 of its levels.

You collected 526 gold pieces.

Inventory:

Hand Weapons
 a - a +1 hand axe (weapon)
 t - a +5 dagger of venom
 u - a +6 quarterstaff of distortion
Armour
 m - a +2 pair of boots (worn)
 p - a +1 chain mail (worn)
Jewellery
 j - a +4 ring of evasion (right hand)
 r - a ring of positive energy (left hand)
Wands
 o - a wand of disintegration (22)
Scrolls
 c - a scroll of enchant armour
 d - 9 scrolls of identify
 e - 3 scrolls of fog
 f - 3 scrolls of amnesia
 i - a scroll of magic mapping
 k - a scroll of fear {unknown}
 l - 4 scrolls of teleportation
 n - 3 scrolls of remove curse
 q - a scroll of blinking
Potions
 b - a potion of lignification {unknown}
 g - 2 potions of brilliance
 h - 2 potions of attraction
 s - a potion of curing


   Skills:
 + Level 9.8 Fighting
 + Level 9.7 Axes
 + Level 9.3 Armour
 + Level 8.5 Dodging


You had 9 spell levels left.
You didn't know any spells.
Your spell library was empty.

Dungeon Overview and Level Annotations

Branches:
Dungeon (8/15)             Temple (0/1) D:6
   Lair: D:8-11

Altars:
Makhleb
Xom
Zin

Annotations:
D:8 Erica


Innate Abilities, Weirdness & Mutations

You reflexively headbutt those who attack you in melee.
You have a pair of horns on your head.


Message History

Something burns you.
* * * LOW HITPOINT WARNING * * *
You take 2 damage, and have 19/93 hp.
A red film seems to cover your vision as you go berserk!
You feel yourself moving faster!
You feel mighty!
You feel sick. Something hits you.
* * * LOW HITPOINT WARNING * * *
Something burns you.
* * * LOW HITPOINT WARNING * * *
You now have 23/139 hp.
You feel a strong urge to attack something.
Something closely misses you.
You miss something.
You feel sick.
You take 1 damage, and have 22/139 hp.
You slice something!!
You hear some strange, mumbled words.
A bolt of poison appears from out of thin air!
The bolt of poison hits you!!
You are more poisoned.
You die...

##........##.....# ............
#........###..... ............
....#...###...... .##.##..... ##
#.........?.## ## ##.... .#
#......##....# ####.... .#
##.......###..# ## .##....... .#
#..##.........##.#............
.####...##.....{...............<.
(.####..##......@....)..........>
)......####......................
........###.........#......#.....
.........##.........##..........#
........###....###...#...........
.......## ##.... .#...####.......
......## #...... #...# ##......
###...# #..!... ..## ##.##


There were no monsters in sight!

Vanquished Creatures
  2 two-headed ogres (D:8)
  Maurice (D:8)
  Joseph (D:8)
  A troll (D:6)
  Grinder (D:5)
  A steam dragon (D:7)
  An orc warrior (D:7)
  A phantom (D:6)
  2 ogres
  3 centaurs
  2 bullfrogs (D:6)
  A scorpion (D:5)
  5 killer bees (D:7)
  A howler monkey (D:6)
  2 bullfrog zombies (D:7)
  3 jellies
  3 hounds
  7 orc priests
  9 orc wizards
  A bullfrog skeleton (D:3)
  A gnoll shaman (D:6)
  2 iguanas (D:4)
  8 worker ants
  A hound skeleton (D:7)
  A howler monkey skeleton (D:4)
  9 gnolls
  6 adders
  A shadow imp (D:6)
  An ooze (D:2)
  A worm (D:6)
  3 dart slugs
  3 leopard geckos
  21 orcs
  7 bats
  2 giant cockroaches
  7 goblins
  6 hobgoblins
  19 jackals
  6 kobolds
  3 quokkas
  5 frilled lizards
  2 jackal skeletons
  A leopard gecko skeleton (D:4)
  5 rats
169 creatures vanquished.

Vanquished Creatures (others)
  12 plants (D:2)
12 creatures vanquished.

Grand Total: 181 creatures vanquished

Notes
Turn   | Place    | Note
-------+----------+-------------------------------------------
     0 | D:1      | drevil the Minotaur Berserker began the quest for the Orb.
     0 | D:1      | Reached XP level 1. HP: 19/19 MP: 0/0
   650 | D:1      | Reached XP level 2. HP: 4/27 MP: 1/1
  1893 | D:2      | Reached XP level 3. HP: 33/33 MP: 2/2
  3123 | D:3      | Reached ** piety under Trog
  3276 | D:3      | Reached XP level 4. HP: 8/41 MP: 3/3
  3573 | D:3      | Reached XP level 5. HP: 47/47 MP: 4/4
  4083 | D:4      | Reached skill level 5 in Fighting
  4128 | D:4      | Reached skill level 5 in Axes
  4195 | D:4      | Reached XP level 6. HP: 40/56 MP: 5/5
  4356 | D:4      | Reached *** piety under Trog
  4470 | D:4      | You fall into a shaft and drop 1 floor!
  4470 | D:5      | Entered Level 5 of the Dungeon
  4507 | D:4      | HP: 2/56 [orc wizard/+0 dagger (2)]
  5154 | D:5      | Reached skill level 5 in Armour
  5170 | D:5      | Reached XP level 7. HP: 20/62 MP: 6/6
  5439 | D:5      | Reached skill level 5 in Dodging
  5776 | D:5      | Noticed Grinder
  5777 | D:5      | Paralysed by Grinder for 5 turns
  5787 | D:5      | Killed Grinder
  6011 | D:6      | Found a shimmering altar of Xom.
  6125 | D:6      | Reached XP level 8. HP: 71/71 MP: 7/7
  6654 | D:6      | Found a staircase to the Ecumenical Temple.
  7578 | D:6      | Noticed a troll
  7628 | D:6      | Killed a troll
  7926 | D:7      | Reached **** piety under Trog
  7927 | D:7      | Reached XP level 9. HP: 73/81 MP: 8/8
  8344 | D:7      | Found a glowing silver altar of Zin.
  8345 | D:7      | Found a burning altar of Makhleb.
  8346 | D:7      | Noticed an angel
  8351 | D:7      | Noticed a green death
  9079 | D:8      | Noticed a two-headed ogre
  9084 | D:8      | Killed a two-headed ogre
  9166 | D:8      | Noticed a two-headed ogre
  9174 | D:8      | Killed a two-headed ogre
  9175 | D:8      | Reached XP level 10. HP: 91/91 MP: 9/9
  9219 | D:8      | Noticed Maurice
  9231 | D:8      | Killed Maurice
  9332 | D:8      | Noticed Joseph
  9348 | D:8      | Killed Joseph
  9564 | D:8      | Noticed Erica
  9590 | D:8      | Killed from afar by Erica

Illustrated notes

Levels and vault maps discovered:
D:1:      psy_arrival_statuary, layout_loops_ring
D:2:      layout_basic, serial_bayou_pond_c
D:3:      layout_rooms, serial_curves, eino_curves_01, eino_curves_02
D:4:      layout_rooms, grunt_ministairs_14
D:5:      layout_rooms, uniq_grinder
D:6:      minmay_chambers_of_fours, layout_layer_cave,
          minmay_temple_entry_large_hall, gup_sewer_entry_glass,
          lemuel_altar_in_water
D:7:      layout_loops_ring, grunt_temple_overflow_order_and_chaos_2,
          kennysheep_generic_room_3
D:8:      layout_cave_pools, uniq_maurice, uniq_erica, uniq_joseph

Skill      XL: |  1  2  3  4  5  6  7  8  9 |
---------------+----------------------------+-----
Fighting       | 4 5 6 7 9 |  9.8
Axes           | 4 5 6 7 9 |  9.7
Armour         | 3 4 5 6 7 9 |  9.3
Dodging        | 3 4 5 6 8 |  8.5

Action                   |  1- 3 |  4- 6 |  7- 9 | 10-12 || total
-------------------------+-------+-------+-------+-------++-------
Melee: Hand axe          |    89 |   101 |   239 |    32 ||   461
       Headbutt          |    15 |    20 |    47 |     4 ||    86
Invok: Berserk           |     1 |     5 |    11 |     3 ||    20
       Trog's Hand       |       |       |     1 |       ||     1
  Use: Scroll            |       |    10 |     4 |       ||    14
       Potion            |       |     7 |     3 |       ||    10
Armor: Animal skin       |    13 |       |       |       ||    13
       Chain mail        |     1 |    66 |   117 |    11 ||   195
Dodge: Dodged            |    60 |    49 |   114 |     6 ||   229
